 Dungeon Crawl Stone Soup version 0.27-a0-1555-g0e7b3fb1d2 (webtiles) character file.

Game seed: 16041222476893203369

112 Tocho the Firebug (level 4, -4/34 HPs)
             Began as a Draconian Fire Elementalist on July 14, 2021.
             Slain by a scorpion (6 damage)
             ... on level 4 of the Dungeon.
             The game lasted 00:05:30 (3066 turns).

Tocho the Firebug (Draconian Fire Elementalist)     Turns: 3066, Time: 00:05:30

Health: -4/34      AC:  5    Str: 11    XL:     4   Next: 63%
Magic:  5/8        EV: 12    Int: 16    God:
Gold:   97         SH:  0    Dex: 11    Spells: 7/8 levels left

rFire    . . .     SeeInvis .   c - +0 falchion
rCold    . . .     Faith    .   (no shield)
rNeg     . . .     Spirit   .   (armour unavailable)
rPois    .         Reflect  .   (helmet restricted)
rElec    .         Harm     .   (no cloak)
rCorr    .         Rampage  .   (no gloves)
Will     .....                  (no boots)
Stlth    ++........             (no amulet)
HPRegen  0.11/turn              (no ring)
MPRegen  0.11/turn              (no ring)

@: weak-willed
A: AC +5, unfitting armour, cold-blooded
a: no special abilities


You were on level 4 of the Dungeon.
You visited 1 branch of the dungeon, and saw 4 of its levels.

You collected 125 gold pieces.
You spent 28 gold pieces at shops.

Inventory:

Hand Weapons
 b - a +0 dagger
 c - a +0 falchion (weapon)
Missiles
 j - 3 curare-tipped darts
Jewellery
 f - a ring of flight
Wands
 a - a wand of polymorph (9)
Scrolls
 d - a scroll of fog
 e - a scroll of torment
 g - a scroll of magic mapping
 h - a scroll of teleportation


   Skills:
 + Level 0.5 Fighting
 + Level 1.0 Long Blades
 + Level 1.9 Dodging
 + Level 1.9 Stealth
 + Level 0.4 Unarmed Combat
 + Level 2.6 Spellcasting
 + Level 2.2 Conjurations
 + Level 4.0 Fire Magic


You had 7 spell levels left.
You knew the following spells:

 Your Spells              Type           Power      Damage    Failure   Level
a - Foxfire               Conj/Fire      48%        2x1d6     5%          1

Your spell library contained the following spells:

 Spells                   Type           Power      Damage    Failure   Level
 Conjure Flame            Conj/Fire      12%        6-21      16%         3
 Inner Flame              Hex/Fire       8%         N/A       26%         3
 Sticky Flame             Conj/Fire      12%        2d4       47%         4
 Fireball                 Conj/Fire      6%         3d5       83%         5


Dungeon Overview and Level Annotations

Branches:
Dungeon (4/15)
 Temple: D:4-7

Altars:

Shops:
D:3 ?


Innate Abilities, Weirdness & Mutations

Your plain brown scales are hard. (AC +5)
You cannot fit into any form of body armour.
You are cold-blooded and may be slowed by cold attacks.


Message History

You tail-slap the scorpion, but do no damage.
The scorpion is moderately wounded.
You feel sick.
The scorpion stings you but does no damage.
The scorpion closely misses you.
You hit the scorpion but do no damage.
Your tail-slap misses the scorpion.
The scorpion is moderately wounded.
You feel sick. The scorpion stings you.
You are too injured to fight recklessly!
You are too injured to fight recklessly!
You are too injured to fight recklessly!
You aren't carrying any potions.
As you read the scroll labelled ECAFUTH UDWOVUE, it crumbles to dust.
Magic quickly surges around you.
It was a scroll of vulnerability.
You feel sick. The scorpion stings you.
You are more poisoned.
The scorpion poisons you!
The scorpion stings you but does no damage.
* * * LOW HITPOINT WARNING * * *
You feel very sick.
The scorpion stings you but does no damage.
* * * LOW HITPOINT WARNING * * *
You feel sick.
* * * LOW HITPOINT WARNING * * *
You feel sick.
* * * LOW HITPOINT WARNING * * *
You feel sick.
* * * LOW HITPOINT WARNING * * *
You feel sick.
* * * LOW HITPOINT WARNING * * *
You feel sick. The scorpion barely misses you.
* * * LOW HITPOINT WARNING * * *
You feel sick.
* * * LOW HITPOINT WARNING * * *
You feel sick.
You are no longer poisoned.
The scorpion barely misses you.
You riposte.
You closely miss the scorpion.
The scorpion is lightly wounded.
The scorpion stings you.
You die...

#.#<# ###.#.#
#.....# #.#####
########.#
#......#.#####
#.####.#.....#
#.# #.#####.#
#.# #.s@....#
#.############
#........#
########.#
#######.#####.#
..........))...
........#####.#
######..# #..#


You could see a scorpion (weak-willed).

Vanquished Creatures
  5 adders
  2 worms (D:3)
  3 dart slugs
  An orc (D:3)
  7 endoplasms
  3 giant cockroaches
  2 goblins
  4 hobgoblins
  10 jackals
  A quokka (D:3)
  5 ball pythons
  2 bats
  A frilled lizard (D:2)
  4 kobolds
  A rat (D:3)
51 creatures vanquished.

Vanquished Creatures (others)
  177 foxfires
  A plant (D:2)
178 creatures vanquished.

Grand Total: 229 creatures vanquished

Notes
Turn   | Place    | Note
-------+----------+-------------------------------------------
     0 | D:1      | Tocho the Draconian Fire Elementalist began the quest for
                  | the Orb.
     0 | D:1      | Reached XP level 1. HP: 14/14 MP: 3/3
   331 | D:1      | Reached XP level 2. HP: 18/20 MP: 0/5
  1032 | D:2      | Reached XP level 3. HP: 26/26 MP: 0/6
  1604 | D:2      | Found a faded altar of an unknown god.
  2022 | D:3      | Reached XP level 4. HP: 31/34 MP: 4/7
  2441 | D:3      | Reached skill level 4 in Fire Magic
  2650 | D:3      | Reached skill level 1 in Long Blades
  2830 | D:3      | Found Reepiush's Magic Scroll Emporium.
  2838 | D:3      | Bought a scroll of identify for 28 gold pieces
  3032 | D:4      | Noticed a scorpion
  3054 | D:4      | HP: 1/34 [poisoned by a scorpion]
  3066 | D:4      | Slain by a scorpion

Illustrated notes

Levels and vault maps discovered:
D:1:      lightli_molten_gateway, layout_basic, minmay_crystal_room,
          solitary_fountain
D:2:      layout_loops_ring, ebering_ecumenical_altar_hall, st_stairs_3,
          serial_bayou_ford_a, minmay_strange_pillars, grunt_decor_cap
D:3:      layout_rooms, serial_shops, shop
D:4:      minmay_spotlight, layout_basic, general_overflow_altar

Skill      XL: |  1  2  3  4 |
---------------+-------------+-----
Conjurations   | 2 |  2.2
Fire Magic     | 4 |  4.0
Long Blades    | 1 |  1.0
Fighting       | |  0.5
Dodging        | |  1.9
Stealth        | |  1.9
Unarmed Combat | |  0.4
Spellcasting   | |  2.6

Action                   |  1- 3 |  4- 6 || total
-------------------------+-------+-------++-------
Melee: Unarmed           |    11 |       ||    11
       Tailslap          |     6 |     4 ||    10
       Falchion          |    35 |    22 ||    57
 Cast: Foxfire           |    54 |    58 ||   112
  Use: Scroll            |     4 |     2 ||     6
       Potion            |     1 |     1 ||     2
 Stab: Sleeping          |     1 |       ||     1
Armor: Skin              |    20 |     7 ||    27
Dodge: Dodged            |    38 |    19 ||    57
       Rpst.: Falchion   |    14 |     7 ||    21

Table legend: (Time is in decaauts)
 A = Elapsed time spent in this place.
 B = Non-inter-level travel time spent in this place.
 C = Inter-level travel time spent in this place.
 D = Time resting spent in this place.
 E = Time spent auto-exploring this place.
 F = Levels seen in this place.
 G = Mean time per level.
                   A        B        C        D        E       F      G
               +--------+--------+--------+--------+--------+-----+--------+
         Total |   3063 |   2994 |     69 |      0 |   2597 |   4 |  765.8 |
       Dungeon |   3063 |   2994 |     69 |      0 |   2597 |   4 |  765.8 |
               +--------+--------+--------+--------+--------+-----+--------+

Top non-repeatable levels by time:
     D:2: 1058 daAuts
     D:3: 982 daAuts
     D:1: 954 daAuts
     D:4: 68 daAuts
